 Dungeon Crawl Stone Soup version 0.31.0-9-g3a7656b989 (webtiles) character file.

Game seed: 3310238092855642042

65 qw the Shooter (level 3, -9/18 HPs)
             Began as a Spriggan Hunter on Feb 2, 2024.
             Mangled by a gnoll
             ... wielding a +1 heavy spear
              (13 damage)
             ... on level 2 of the Dungeon.
             The game lasted 00:00:05 (704 turns).

qw the Shooter (Spriggan Hunter)                     Turns: 704, Time: 00:00:06

Health: -9/18      AC:  2    Str:  7    XL:     3   Next: 92%
Magic:  4/4        EV: 24    Int: 10    God:
Gold:   74         SH:  0    Dex: 20    Spells: 2/2 levels left

rFire   . . .        a - +0 shortbow
rCold   . . .        (shield currently unavailable)
rNeg    . . .        c - +0 robe
rPois   .            (helmet restricted)
rElec   .            (no cloak)
rCorr   .            (gloves unavailable)
SInv    +            (boots unavailable)
Will    .....        (no amulet)
Stlth   ++           i - +5 ring of evasion
HPRegen 0.23/turn    (no ring)
MPRegen 0.09/turn

%: no passive effects
@: very quick
A: very small, no large weapons, unfitting armour, see invisible, speed 3
a: no special abilities


You were on level 2 of the Dungeon.
You visited 1 branch of the dungeon, and saw 2 of its levels.

You collected 74 gold pieces.


Innate Abilities, Weirdness & Mutations

You are very small and have problems with some larger weapons.
You are too small for most types of armour.
You have supernaturally acute eyesight. (SInv)
You cover ground extremely quickly. (Speed+++)


   Skills:
 - Level 1.5 Fighting
 + Level 5.1 Ranged Weapons
 - Level 4.0 Dodging
 - Level 1.5 Stealth


You had 2 spell levels left.
You didn't know any spells.
Your spell library was empty.

Inventory:

Hand Weapons
 a - a +0 shortbow (weapon)
Armour
 c - a +0 robe (worn)
Jewellery
 b - a +6 ring of dexterity
 i - a +5 ring of evasion (left hand)
Scrolls
 d - a scroll of summoning {unknown}
Potions
 e - a potion of curing

Dungeon Overview and Level Annotations

Branches:
Dungeon (2/15)

Altars:

Shops:
D:1 (


Message History

There is an open door here.
You shoot an arrow.
The arrow hits the gnoll but does no damage.
The gnoll shouts!
A gnoll comes into view. It is wielding a +1 heavy spear.
Enter note:
Enter note:
Enter note: You shoot an arrow.
The arrow closely misses the gnoll.
A rat comes into view.
You shoot an arrow. The arrow hits the gnoll.
The gnoll is lightly wounded.
You shoot an arrow. The arrow hits the gnoll!
The gnoll is almost dead.
You shoot an arrow.
The arrow hits the gnoll but does no damage.
The gnoll is almost dead.
The gnoll completely misses you. The gnoll misses you.
You shoot an arrow. The arrow barely misses the gnoll.
The gnoll hits you from afar with a +0 spear!
The gnoll misses you.
You shoot an arrow. The arrow hits the gnoll.
You kill the gnoll!
The gnoll completely misses you. The gnoll misses you.
Your Ranged Weapons skill increases to level 5!
You shoot an arrow. The arrow hits the gnoll.
The gnoll is moderately wounded.
The gnoll misses you. The gnoll completely misses you.
You shoot an arrow. The arrow hits the rat!
You kill the rat!
The gnoll misses you.
The gnoll hits you from afar with a +0 halberd!
The gnoll misses you.
You shoot an arrow. The arrow hits the gnoll.
The gnoll is severely wounded.
The gnoll completely misses you.
You shoot an arrow. The arrow completely misses the gnoll.
The gnoll hits you from afar with a +1 heavy spear!
Ouch! That really hurt!
You die...

........# ####.......#
##########
(..........###.......>#
######......##........#
....).......##........#
..%.).......##........#
........#...##........+
......................#
.......######.##@######
.>........ ...##%#
.......#.......gg)
.......#.#.........
.......#...######..[
#####.##### .... #.
..... .....#


You could see 2 gnolls.

Vanquished Creatures
  An adder (D:2)
  A gnoll (D:2)
  A dart slug (D:2)
  4 ribbon worms (D:2)
  An endoplasm (D:1)
  2 giant cockroaches
  5 goblins
  3 hobgoblins (D:1)
  2 quokkas (D:1)
  5 ball pythons
  2 bats
  4 kobolds (D:2)
  2 rats (D:2)
33 creatures vanquished.

Notes
Turn   | Place    | Note
-------+----------+-------------------------------------------
     0 | D:1      | qw the Spriggan Hunter began the quest for the Orb.
     0 | D:1      | Reached XP level 1. HP: 10/10 MP: 2/2
     0 | D:1      | 0 ||| qw: Version: 0.3-a-155-g5e7d8dd
     0 | D:1      | 0 ||| qw: Game counter: 2732
     0 | D:1      | 0 ||| qw: Melee chars always use a shield: true
     0 | D:1      | 0 ||| qw: God list: Okawaru
     0 | D:1      | 0 ||| qw: Allow faded altars: false
     0 | D:1      | 0 ||| qw: Do Orc after clearing Dungeon:15 true
     0 | D:1      | 0 ||| qw: Do second Lair branch before Depths: true
     0 | D:1      | 0 ||| qw: Lair rune preference: random
     0 | D:1      | 0 ||| qw: Goals: Normal
     0 | D:1      | 0 ||| PLANNING D:1-11
    26 | D:1      | Reached skill level 3 in Dodging
   113 | D:1      | Reached XP level 2. HP: 14/14 MP: 3/3
   269 | D:1      | Found Zuzyaxuf's Weapon Shop.
   278 | D:1      | 278 ||| SHOPLISTING +6 arbalest of draining (481 gold, have
                  | 69).
   405 | D:1      | 405 ||| DROPPING amulet of magic regeneration.
   406 | D:1      | 406 ||| UPGRADING to +5 ring of evasion.
   407 | D:1      | 407 ||| READING scroll labelled HIEFIEHUORR.
   408 | D:1      | 408 ||| READING 2 scrolls labelled SUIBEY PEGU.
   408 | D:1      | 408 ||| IDENTIFYING metallic inky potion
   409 | D:1      | 409 ||| READING scroll of identify.
   409 | D:1      | 409 ||| IDENTIFYING 2 red potions
   410 | D:1      | 410 ||| READING scroll labelled CAAWNUIGIOT.
   411 | D:1      | 411 ||| READING scroll labelled EGGAUGOUPA.
   411 | D:1      | 411 ||| ENCHANTING +0 shortbow.
   412 | D:1      | 412 ||| DROPPING scroll of butterflies.
   413 | D:1      | 413 ||| DROPPING 2 potions of ambrosia.
   484 | D:2      | Identified the +3 dagger "Saviul" {protect, rC+}
   522 | D:2      | Reached XP level 3. HP: 17/18 MP: 4/4
   701 | D:2      | Reached skill level 5 in Ranged Weapons
   702 | D:2      | HP: 4/18 [gnoll/+0 halberd (8)]
   704 | D:2      | Mangled by a gnoll

Levels and vault maps discovered:
D:1:      dpeg_arrival_orchard, layout_rooms, serial_shops,
          nicolae_shop_tiny_glass
D:2:      layout_basic

Skill      XL: |  1  2  3 |
---------------+----------+-----
Dodging        | 3 4 |  4.0
Ranged Weapons | 5 |  5.1
Fighting       | |  1.5
Stealth        | |  1.5

Action                     || total
---------------------------++-------
   Fire: Shortbow          ||   116
    Use: Scroll            ||     5
 Armour: Robe              ||     9
  Dodge: Dodged            ||    36

Table legend:
 A = Non-vault XP
 B = Vault XP
 C = Vault XP percentage of total XP
 D = Non-vault monster count
 E = Vault monster count
 F = Vault count percentage of total count
                 A         B        C        D         E       F
            +---------+---------+-------+---------+---------+-------
      Total |      93 |       0 |   0.0 |      33 |       0 |   0.0
            +---------+---------+-------+---------+---------+-------
        D:1 |      26 |       0 |   0.0 |      14 |       0 |   0.0
        D:2 |      67 |       0 |   0.0 |      19 |       0 |   0.0
            +---------+---------+-------+---------+---------+-------
